 Dungeon Sprint DCSS version 0.30-a0-305-g026cb31310 (webtiles) character file.

Game seed: 13117496926471249930

5759 rocky1 the Martial Artist (level 10, 0/71 HPs)
             Began as an Octopode Transmuter on Oct 23, 2022.
             Was the Champion of Cheibriados.
             Slain by Erica
             ... wielding a +2 scimitar of flaming
              (9 damage)
             ... in the Dungeon (Sprint VII: "The Pits").
             The game lasted 00:07:54 (2812 turns).

rocky1 the Martial Artist (Octopode Transmuter)     Turns: 2812, Time: 00:07:55

Health: 0/71       AC:  1    Str: 27    XL:     10   Next: 78%
Magic:  23/23      EV: 24    Int: 32    God:    Cheibriados [******]
Gold:   0          SH:  0    Dex: 31    Spells: 18/28 levels left

rFire   . . .      SeeInvis .      - Unarmed
rCold   . . .      Faith    .    (no shield)
rNeg    . . .      Spirit   .    (helmet currently unavailable)
rPois   .          Reflect  .    (no amulet)
rElec   .          Harm     .    k - +3 ring of evasion
rCorr   .          Rampage  .    l - +3 ring of dexterity
Will    .....      NoTele   +    (no ring)
Stlth   +++.......               (no ring)
HPRegen 0.31/turn                (no ring)
MPRegen 0.18/turn                (no ring)
                                 (no ring)
                                 (no ring)

@: confused, appendages, slowed, very slow
A: tentacle spike 3, almost no armour, amphibious, 8 rings, camouflage 1,
gelatinous body 1, (nimble swimmer 1), tentacles
a: End Transformation, Renounce Religion, Bend Time, Temporal Distortion,
Slouch, Step From Time


You were in the Dungeon.
You worshipped Cheibriados.
Cheibriados was exalted by your worship.
One of your tentacles had grown a beastly spike.
You visited 1 branch

Inventory:

Jewellery
 k - a +3 ring of evasion (left tentacle)
 l - a +3 ring of dexterity (right tentacle)
Scrolls
 i - 5 scrolls of amnesia
 j - a scroll of summoning
Potions
 a - a potion of lignification
 b - 8 potions of curing
 c - 8 potions of heal wounds
 d - a potion of haste
 e - 3 potions of magic
 f - a potion of berserk rage
 h - 2 potions of invisibility
 m - a potion of brilliance


   Skills:
 + Level 7.3 Fighting
 + Level 7.6 Dodging
 + Level 10.4 Stealth
 + Level 13.5 Unarmed Combat
 + Level 9.8 Spellcasting
 + Level 10.7 Transmutations
 + Level 11.1 Invocations


You had 18 spell levels left.
You knew the following spells:

 Your Spells              Type           Power      Damage    Failure   Level
a - Beastly Appendage     Tmut           100%       N/A       1%          1
b - Wereblood             Tmut           71%        N/A       1%          2
c - Spider Form           Tmut/Pois      50%        N/A       1%          3
d - Ice Form              Ice/Tmut       50%        N/A       3%          4

Your spell library contained the following spells:

 Spells                   Type           Power      Damage    Failure   Level


Dungeon Overview and Level Annotations

Branches:
Dungeon (1/1)

Altars:
Ashenzari
Cheibriados
Dithmenos
Elyvilon
Fedhas
Gozag
Hepliaklqana
Kikubaaqudgha
Makhleb
Nemelex Xobeh
Okawaru
Qazlal
Ru
Sif Muna
Trog
Uskayaw
Vehumet
Wu Jian
Xom
Yredelemnul
Zin
The Shining One
Jiyva
Lugonu

Annotations:
D Erica


Innate Abilities, Weirdness & Mutations

One of your tentacles has grown a beastly spike.
You cannot wear most types of armour.
You are amphibious.
You can wear up to eight rings at the same time.
Your skin changes colour to match your surroundings (Stealth+).
Your rubbery body absorbs attacks. (AC +1, EV +1)
((You are camouflaged when in or above water. (Stealth+)))
You have tentacles for arms and can constrict up to eight enemies at once.


Message History

You bite Erica!
Erica looks as sick as possible!
Erica is heavily wounded.
Erica gestures wildly while chanting.
Erica flickers and vanishes!
Deactivating autopickup; reactivate with Ctrl-A.
The hornet misses you.
You closely miss something. The hornet misses you.
You hear some strange, mumbled words.
A lance of force appears from out of thin air!
The lance of force misses you.
The lance of force hits the hornet!!
The hornet is knocked back by the lance of force.
The hornet collides with the kobold brigand!
The kobold brigand is severely wounded.
The hornet is almost dead.
You hit the hornet.
You kill the hornet!
Cheibriados thoroughly appreciates the change of pace.
Your transformation has ended.
Something hits you!! Something burns you!
Unknown command.
Casting: Spider Form (safe; 1% risk of failure)
Confirm with . or Enter, or press ? or * to list all spells.
One of your tentacles grows a vicious spike.
The kobold brigand hits you with a +0 short sword!
The kobold brigand barely misses you.
You hear some strange, mumbled words.
You are confused.
You tentacle-slap the kobold brigand.
You pierce the kobold brigand.
You kill the kobold brigand!
Cheibriados thoroughly appreciates the change of pace.
Something hits you!
* * * LOW HITPOINT WARNING * * *
Something burns you.
* * * LOW HITPOINT WARNING * * *
Something hits you.
* * * LOW HITPOINT WARNING * * *
Something burns you.
* * * LOW HITPOINT WARNING * * *
Something barely misses you. Something hits you!
You die...

...###....###..).##'##
...##......#..†.##...##
#####.....['....')[...+
#####.....)#..).##...##
.[[###....###....##'##
.[[# ##''## ###..+...+
.))# #.)..# ####...###
.))##......# ##{.)....#
.))##......#
#.@.......#
############
###########


There were no monsters in sight!

Vanquished Creatures
  A death yak (D)
  A two-headed ogre (D)
  A deep troll (D)
  A lindwurm (D)
  An orc knight (D)
  An orc sorcerer (D)
  A molten gargoyle (D)
  An elephant (D)
  A demonic crawler (D)
  An orange demon (D)
  A hornet (D)
  A dream sheep (D)
  A tarantella (D)
  3 yaks (D)
  A steam dragon (D)
  A warg (D)
  A water moccasin (D)
  A floating eye (D)
  An ogre (D)
  A centaur (D)
  A kobold brigand (D)
  A necrophage (D)
  A wight (D)
  A hound (D)
  An iron imp (D)
  An iguana (D)
  2 orc wizards (D)
  A river rat (D)
  An adder (D)
  5 orcs (D)
  3 endoplasms (D)
  A goblin (D)
  A hobgoblin (D)
  6 jackals (D)
  2 kobolds (D)
  A quokka (D)
  A ball python (D)
  A frilled lizard (D)
  A quokka skeleton (D)
  A rat (D)
55 creatures vanquished.

Vanquished Creatures (others)
  2 orcs (D)
2 creatures vanquished.

Grand Total: 57 creatures vanquished

Notes
Turn   | Place    | Note
-------+----------+-------------------------------------------
     0 | D        | rocky1 the Octopode Transmuter began the quest for the Orb.
     0 | D        | Reached XP level 1. HP: 13/13 MP: 3/3
    17 | D        | Reached skill level 1 in Stealth
    17 | D        | Reached XP level 2. HP: 19/19 MP: 5/5
   161 | D        | Found a bloodstained altar of Trog.
   161 | D        | Found a shimmering blue altar of Sif Muna.
   161 | D        | Found a viscous altar of Jiyva.
   161 | D        | Found a hazy altar of Hepliaklqana.
   161 | D        | Found an opulent altar of Gozag.
   162 | D        | Found a glowing golden altar of the Shining One.
   162 | D        | Found a glowing silver altar of Zin.
   162 | D        | Found a basalt altar of Yredelemnul.
   162 | D        | Found a shimmering altar of Xom.
   162 | D        | Found an ornate altar of the Wu Jian Council.
   162 | D        | Found a sacrificial altar of Ru.
   162 | D        | Found a stormy altar of Qazlal.
   162 | D        | Found an iron altar of Okawaru.
   162 | D        | Found a sparkling altar of Nemelex Xobeh.
   162 | D        | Found a burning altar of Makhleb.
   162 | D        | Found a blossoming altar of Fedhas.
   162 | D        | Found a white marble altar of Elyvilon.
   162 | D        | Found a shadowy altar of Dithmenos.
   162 | D        | Found a snail-covered altar of Cheibriados.
   165 | D        | Found a corrupted altar of Lugonu.
   165 | D        | Found a radiant altar of Vehumet.
   166 | D        | Found an ancient bone altar of Kikubaaqudgha.
   166 | D        | Found a hide-covered altar of Uskayaw.
   166 | D        | Found a broken altar of Ashenzari.
   173 | D        | Became a worshipper of Cheibriados the Contemplative
   220 | D        | Reached * piety under Cheibriados
   429 | D        | Reached ** piety under Cheibriados
   430 | D        | Reached skill level 4 in Unarmed Combat
   617 | D        | Noticed a floating eye
   622 | D        | Killed a floating eye
   623 | D        | Reached skill level 5 in Unarmed Combat
   623 | D        | Reached XP level 3. HP: 22/26 MP: 5/8
   623 | D        | Reached XP level 4. HP: 26/31 MP: 5/9
   623 | D        | Reached XP level 5. HP: 31/36 MP: 5/10
   627 | D        | Reached *** piety under Cheibriados
   864 | D        | Learned a level 2 spell: Wereblood
   868 | D        | Learned a level 3 spell: Spider Form
   873 | D        | Learned a level 4 spell: Ice Form
   882 | D        | Noticed an ogre
   910 | D        | Reached **** piety under Cheibriados
   911 | D        | Reached skill level 6 in Unarmed Combat
   913 | D        | Noticed a warg
   920 | D        | Killed a warg
   921 | D        | Reached skill level 8 in Unarmed Combat
   921 | D        | Reached skill level 5 in Spellcasting
   921 | D        | Reached skill level 5 in Transmutations
   921 | D        | Reached skill level 5 in Invocations
   921 | D        | Reached XP level 6. HP: 11/42 MP: 11/13
  1291 | D        | Noticed a dream sheep
  1293 | D        | Killed a dream sheep
  1293 | D        | Reached ***** piety under Cheibriados
  1294 | D        | Reached skill level 9 in Unarmed Combat
  1294 | D        | Reached XP level 7. HP: 46/46 MP: 11/16
  1300 | D        | Reached skill level 10 in Unarmed Combat
  1303 | D        | Reached ****** piety under Cheibriados
  1304 | D        | Reached XP level 8. HP: 52/52 MP: 13/18
  1539 | D        | Noticed a death yak
  1550 | D        | Killed a death yak
  1551 | D        | Reached skill level 12 in Unarmed Combat
  1810 | D        | Noticed a molten gargoyle
  1810 | D        | Noticed a demonic crawler
  1827 | D        | Killed a demonic crawler
  1828 | D        | Reached skill level 5 in Stealth
  1828 | D        | Reached XP level 9. HP: 26/58 MP: 16/21
  1834 | D        | Killed a molten gargoyle
  2195 | D        | Noticed a lindwurm
  2195 | D        | Noticed a two-headed ogre
  2203 | D        | Reached skill level 5 in Dodging
  2207 | D        | Killed a two-headed ogre
  2208 | D        | Reached skill level 5 in Fighting
  2212 | D        | Killed a lindwurm
  2365 | D        | Reached skill level 10 in Invocations
  2373 | D        | Reached XP level 10. HP: 40/68 MP: 21/23
  2665 | D        | Noticed an orange demon
  2675 | D        | Killed an orange demon
  2676 | D        | Reached skill level 13 in Unarmed Combat
  2676 | D        | Reached skill level 10 in Transmutations
  2685 | D        | Noticed Erica
  2691 | D        | Noticed an orc sorcerer
  2693 | D        | Noticed an elephant
  2693 | D        | Noticed an orc knight
  2694 | D        | Noticed a deep troll
  2702 | D        | Killed an orc sorcerer
  2706 | D        | Killed an elephant
  2711 | D        | Killed a deep troll
  2712 | D        | Reached skill level 10 in Stealth
  2714 | D        | Killed an orc knight
  2812 | D        | Slain by Erica

Illustrated notes

Levels and vault maps discovered:
D:        pitsprint [storerooms_1, entrance_room_1, metal_vault_2, armoury_1,
          mini_pit_1, grid_room_1, main_hall_1, silver_pit, the_coven_3,
          the_vestibule_1, steel_vault_1, golden_pit, hallway_of_sentries,
          crystal_vault_3, iron_vault_1, final_vault]

Skill      XL: |  1  2  3  4  5  6  7  8  9 10 |
---------------+-------------------------------+-----
Stealth        | 1 4 5 8 10 | 10.4
Fighting       | 3 5 7 |  7.3
Unarmed Combat | 5 8 9 10 12 13 | 13.5
Dodging        | 3 4 6 7 |  7.6
Spellcasting   | 3 5 6 8 9 |  9.8
Transmutations | 3 5 6 7 8 9 10 | 10.7
Invocations    | 2 5 6 7 8 10 11 | 11.1

Action                   |  1- 3 |  4- 6 |  7- 9 | 10-12 || total
-------------------------+-------+-------+-------+-------++-------
Melee: Unarmed           |    11 |    20 |    57 |    30 ||   118
       Tentacles         |     4 |     1 |       |       ||     5
       Constrict         |     3 |     3 |       |       ||     6
       Kick              |     4 |     6 |       |     1 ||    11
 Cast: Beastly Appendage |     3 |     1 |       |     1 ||     5
       Ice Form          |       |     1 |     4 |     2 ||     7
       Spider Form       |       |       |     2 |     3 ||     5
       Wereblood         |       |       |     1 |       ||     1
Invok: Slouch            |       |     2 |       |     2 ||     4
  Use: Potion            |     1 |     4 |     3 |     3 ||    11
       Scroll            |       |       |       |     1 ||     1
 Stab: Sleeping          |     4 |     2 |     1 |     2 ||     9
Armor: Skin              |     1 |       |    15 |     5 ||    21
Dodge: Dodged            |     5 |    12 |    68 |    40 ||   125

Table legend: (Time is in decaauts)
 A = Elapsed time spent in this place.
 B = Non-inter-level travel time spent in this place.
 C = Inter-level travel time spent in this place.
 D = Time resting spent in this place.
 E = Time spent auto-exploring this place.
 F = Levels seen in this place.
 G = Mean time per level.
                   A        B        C        D        E       F      G
               +--------+--------+--------+--------+--------+-----+--------+
         Total |   3026 |   2916 |    110 |   2324 |      0 |   1 | 3026.0 |
       Dungeon |   3026 |   2916 |    110 |   2324 |      0 |   1 | 3026.0 |
               +--------+--------+--------+--------+--------+-----+--------+

Top non-repeatable levels by time:
       D: 3026 daAuts
